 Dungeon Crawl Stone Soup version 0.29.1-13-g9f3cf754e1 (webtiles) character file.

Game seed: 1317003621444486022

17861 LustLizard the Destroyer (level 12, -1/130 (144) HPs)
             Began as a Hill Orc Fire Elementalist on Feb 4, 2023.
             Was a Priest of Vehumet.
             Slain by a minotaur
             ... wielding a +0 rapier of electrocution
              (6 damage)
             ... in a Gauntlet.
             The game lasted 00:54:44 (20390 turns).

LustLizard the Destroyer (HOFE)                    Turns: 20390, Time: 00:54:45

HP:   -1/130 (144)  AC: 20    Str: 12    XL:     12   Next: 52%
MP:   1/21          EV: 12    Int: 18    God:    Vehumet [***...]
Gold: 600           SH:  0    Dex: 13    Spells: 4/24 levels left

rFire   + + +      SeeInvis +   m - +7 falchion of Kicluex {freeze, rF+++ Int-3 Dex+2 Stlth+}
rCold   . . .      Faith    .   (no shield)
rNeg    . . .      Spirit   .   J - +2 leather armour {rF+}
rPois   .          Reflect  .   V - +3 crown of Dyrovepreva {rElec Int+2 SInv}
rElec   +          Harm     .   (no cloak)
rCorr   .          Rampage  .   d - +2 pair of gloves
Will    .....      NoTele   +   f - +0 pair of boots
Stlth   ..........              I - amulet of the acrobat
HPRegen 0.31/turn               N - +4 ring of protection
MPRegen 0.17/turn               T - +4 ring of protection

@: berserking, drained, invisible, very quick
A: no striking features
a: Renounce Religion


You were in a Gauntlet.
You worshipped Vehumet.
Vehumet was most pleased with you.
You visited 2 branches of the dungeon, and saw 14 of its levels.
You also visited: Ossuary and Gauntlet.

You collected 817 gold pieces.
You spent 217 gold pieces at shops.

Inventory:

Hand Weapons
 m - the +7 falchion of Kicluex (weapon) {freeze, rF+++ Int-3 Dex+2 Stlth+}
   (You found it on level 2 of the Dungeon)

   It freezes those it strikes, dealing additional cold damage.
   It can also slow down cold-blooded creatures.
   Int:       It affects your intelligence (-3).
   Dex:       It affects your dexterity (+2).
   rF:        It renders you almost immune to fire.
   Stlth:     It makes you more stealthy.
Missiles
 K - 2 throwing nets
Armour
 d - a +2 pair of gloves (worn)
 f - a +0 pair of boots (worn)
 J - a +2 leather armour of fire resistance (worn)
 O - a +2 hat of willpower
 V - the +3 crown of Dyrovepreva (worn) {rElec Int+2 SInv}
   (You found it in a Gauntlet)

   Int:       It affects your intelligence (+2).
   rElec:     It insulates you from electricity.
   SInv:      It lets you see invisible.
Magical Staves
 i - a staff of conjuration
Jewellery
 g - a +4 ring of evasion
 k - a ring of poison resistance
 H - a ring of see invisible
 I - an amulet of the acrobat (around neck)
 M - a +6 ring of dexterity
 N - a +4 ring of protection (left hand)
 R - a ring of willpower
 T - a +4 ring of protection (right hand)
 U - the ring "Luta" {+Blink rC++ rN+ Will+ Str-5}
   (You found it in a Gauntlet)

   [ring of willpower]

   Str:       It affects your strength (-5).
   rC:        It greatly protects you from cold.
   rN:        It protects you from negative energy.
   +Blink:    It lets you blink.
   Will:      It increases your willpower.
Wands
 b - a wand of paralysis (20)
 n - a wand of flame (22)
 E - a wand of digging (8)
 F - a wand of iceblast (13)
 L - a wand of polymorph (8)
Scrolls
 a - a scroll of fear
 e - 3 scrolls of enchant weapon
 j - 2 scrolls of summoning
 l - a scroll of blinking
 r - 2 scrolls of noise
 t - 3 scrolls of enchant armour
 u - 3 scrolls of silence
 w - a scroll of immolation
 y - 7 scrolls of teleportation
 B - a scroll of vulnerability
 D - a scroll of poison
 P - a scroll of fog
Potions
 h - 8 potions of curing
 o - a potion of flight
 p - a potion of berserk rage
 q - 3 potions of lignification
 s - 2 potions of ambrosia
 x - 5 potions of brilliance
 z - 5 potions of might
 A - 2 potions of attraction
 C - a potion of magic
 G - 4 potions of haste
 Q - a potion of mutation
 S - 2 potions of cancellation


   Skills:
 + Level 6.3 Fighting
 * Level 2.2 Long Blades
 + Level 3.8 Dodging
 + Level 4.8 Stealth
 + Level 6.6 Spellcasting
 + Level 9.8 Conjurations
 - Level 7.5 Hexes
 * Level 6.9 Translocations
 - Level 8.2 Fire Magic


You had 4 spell levels left.
You knew the following spells:

 Your Spells              Type           Power      Damage    Failure   Level
a - Foxfire               Conj/Fire      100%       2x1d9     1%          1
b - Scorch                Fire           70%        2d9       1%          2
c - Blink                 Tloc           60%        N/A       1%          2
d - Magic Dart            Conj           100%       1d8       1%          1
e - Inner Flame           Hex/Fire       34%        N/A       1%          3
f - Fulminant Prism       Conj/Hex       18%        3d11      1%          4
g - Ignite Poison         Fire/Tmut/Pois 15%        N/A       4%          3
h - Flame Wave            Conj/Fire      38%        2d10      1%          4

Your spell library contained the following spells:

 Spells                   Type           Power      Damage    Failure   Level
 Sticky Flame             Conj/Fire      38%        2d6       1%          4
 Slow                     Hex            100%       N/A       1%          1
 Searing Ray              Conj           82%        2d7       1%          2
 Confusing Touch          Hex            33%        N/A       1%          3
 Conjure Flame            Conj/Fire      38%        6-21      1%          3
 Lesser Beckoning         Tloc           30%        N/A       2%          3
 Summon Guardian Golem    Hex/Summ       19%        N/A       9%          3
 Frozen Ramparts          Ice            10%        1d2       12%         3
 Summon Small Mammal      Summ           20%        N/A       14%         1
 Sublimation of Blood     Necr           5%         N/A       22%         2
 Wereblood                Tmut           5%         N/A       22%         2
 Call Canine Familiar     Summ           5%         N/A       41%         3
 Vampiric Draining        Necr           5%         2d6       41%         3
 Ice Form                 Ice/Tmut       5%         N/A       82%         4
 Summon Ice Beast         Ice/Summ       5%         N/A       82%         4
 Yara's Violent Unravell  Hex/Tmut       9%         3d6       21%         5
 Manifold Assault         Tloc           30%        N/A       22%         5
 Enfeeble                 Hex            16%        N/A       99%         7
 Summon Cactus Giant      Summ           2%         N/A       100%        6
 Summon Hydra             Summ           2%         N/A       100%        7


Dungeon Overview and Level Annotations

Branches:
Dungeon (12/15)            Temple (0/1) D:6            Lair (2/5) D:9
    Orc (0/2) D:10        Ossuary (visited)         Gauntlet (1/1)
  Swamp: Lair:2-3    Shoals: Lair:2-3     Snake: Lair:2-3    Spider: Lair:2-3

Altars:
Cheibriados
Elyvilon
Kikubaaqudgha
Makhleb
Nemelex Xobeh
Okawaru
Qazlal
Ru
Sif Muna
Trog
Uskayaw
Vehumet
Wu Jian
Xom
Zin
Beogh

Shops:
D:7 [   D:10 *

Annotations:
D:5 1 runed translucent door, sigtrap's ghost, novice TrBe
D:8 1 transporter, exclusion: ice statue
D:9 3 runed translucent doors, DemonSlayer's ghost, novice DsEE
D:12 Sonja Gauntlet 10 transporters, 17 runed translucent doors, exclusion: 2 oklob plants


Message History

The minotaur is almost dead.
The minotaur is no longer more vulnerable to fire.
The minotaur hits you with a +0 rapier of electrocution!
* * * LOW HITPOINT WARNING * * *
The minotaur gores you.
* * * LOW HITPOINT WARNING * * *
Blink to where?
Press: ? - help, Dir - move target
As you read the scroll of blinking, it crumbles to dust.
Found a pair of gloves.
Found a gate leading back out of this place.
There is an open door here.
You fade into invisibility!
You feel much better.
Casting: Flame Wave (mildly dangerous; 1% risk of failure)
Confirm with . or Enter, or press ? or * to list all spells.
Flames lash the minotaur but do no damage.
The minotaur hits you with a +0 rapier of electrocution!
* * * LOW HITPOINT WARNING * * *
The minotaur barely misses you.
Unknown command.
A red film seems to cover your vision as you go berserk!
You feel yourself moving faster!
You feel mighty!
The minotaur hits you with a +0 rapier of electrocution!
* * * LOW HITPOINT WARNING * * *
The minotaur closely misses you.
You slash the minotaur! You freeze the minotaur.
The minotaur is almost dead.
The minotaur barely misses you.
The minotaur gores you but does no damage.
You hit the minotaur. You freeze the minotaur.
The minotaur is almost dead.
The minotaur hits you but does no damage.
The minotaur gores you but does no damage.
You completely miss the minotaur.
The minotaur is almost dead.
You hit the minotaur but do no damage.
The minotaur is almost dead.
The minotaur hits you with a +0 rapier of electrocution.
You die...

#.#..##### .##..#§8≈#
..#..#...#######
#.####.8.##....#
#.#©.....##H##.#
..####.8....##.#
..#..#...##.##.###
###..#.8.##.H..#.# ≈#
....≈#...##.##.#@#.≈≈#
....∩#.8....##.H...∩≈#
....≈#...##.##.#.#.≈≈#
###..#.8.##....#.#≈≈≈#
.?#..#...##.##.### ###
≈.####.8 ...##.#
≈.#©.....##.##.#
≈.####.8 #....#
.≈#..#.. ######


You could see a minotaur (unable to see you).

Vanquished Creatures
  A boulder beetle (D:11)
  2 two-headed ogres
  2 soul eaters (Gauntlet)
  A black mamba (Lair:2)
  An elephant (Lair:2)
  2 cane toads (Lair:1)
  An unseen horror (D:10)
  A hellion (Gauntlet)
  5 ice devils (D:8)
  A troll (D:12)
  A polar bear (Lair:1)
  Prince Ribbit (D:5)
  3 blink frogs (Lair:1)
  Grinder (D:6)
  A vampire (D:10)
  21 yaks
  3 wraiths
  A wyvern (D:9)
  Eustachio (D:5)
  4 vampire mosquitoes (D:11)
  A basilisk (D:9)
  A steam dragon (D:7)
  5 acid dragons
  3 water moccasins (Lair:1)
  A black bear (Lair:2)
  3 sky beasts
  2 ice beasts
  3 ogres
  2 centaurs
  A phantom (D:4)
  3 kobold brigands
  4 necrophages
  6 bullfrogs
  A gnoll sergeant (D:9)
  5 scorpions
  9 killer bees
  A howler monkey (D:4)
  An electric eel (D:7)
  8 crimson imps (D:10)
  A hound (D:4)
  An orc priest (D:5)
  2 gnoll boudas
  5 jellies
  Jessica (D:2)
  4 iguanas
  5 orc wizards
  Ijyb (D:4)
  8 mummies (Ossuary)
  12 gnolls
  9 adders
  3 shadow imps (Gauntlet)
  3 white imps
  6 ufetubi (D:8)
  An adder skeleton (D:3)
  An adder zombie (D:3)
  5 worms
  3 dart slugs
  17 orcs
  7 endoplasms
  2 giant cockroaches
  19 goblins
  8 hobgoblins
  19 jackals
  25 kobolds
  3 quokkas
  5 ball pythons
  A ball python skeleton (D:3)
  3 bats
  3 frilled lizards
  A giant cockroach zombie (D:3)
  4 gnoll zombies (Ossuary)
  2 hobgoblin zombies (Ossuary)
  A kobold zombie (Ossuary)
  An orc zombie (Ossuary)
  A quokka zombie (D:3)
  10 rats
317 creatures vanquished.

Vanquished Creatures (collateral kills)
  Gastronok (D:8)
  2 killer bees (D:8)
  An orc (D:3)
  A foxfire (Lair:1)
5 creatures vanquished.

Vanquished Creatures (others)
  1329 foxfires
  44 fulminant prisms
  8 plants
  A withered plant (D:3)
1382 creatures vanquished.

Grand Total: 1704 creatures vanquished

Notes
Turn   | Place    | Note
-------+----------+-------------------------------------------
     0 | D:1      | LustLizard the Hill Orc Fire Elementalist began the quest
                  | for the Orb.
     0 | D:1      | Reached XP level 1. HP: 14/14 MP: 3/3
   452 | D:1      | Reached XP level 2. HP: 22/22 MP: 2/4
  1061 | D:1      | Reached XP level 3. HP: 27/27 MP: 2/5
  1355 | D:1      | Learned a level 2 spell: Scorch
  1542 | D:2      | Reached skill level 1 in Fighting
  1544 | D:2      | Noticed Jessica
  1722 | D:2      | Reached skill level 2 in Conjurations
  1730 | D:2      | Reached XP level 4. HP: 35/35 MP: 1/6
  2006 | D:2      | Identified the +7 falchion of Kicluex {freeze, rF+++ Int-3
                  | Dex+2 Stlth+}
  2219 | D:2      | Killed Jessica
  2220 | D:2      | Reached XP level 5. HP: 41/41 MP: 3/8
  2420 | D:2      | Learned a level 2 spell: Blink
  2438 | D:2      | Found a faded altar of an unknown god.
  3338 | D:3      | Found an ornate altar of the Wu Jian Council.
  3668 | D:3      | Learned a level 1 spell: Magic Dart
  3963 | D:3      | Found a glowing silver altar of Zin.
  4056 | D:3      | Reached skill level 3 in Conjurations
  4056 | D:3      | Reached XP level 6. HP: 41/43 MP: 2/9
  4355 | D:4      | Noticed Ijyb
  4372 | D:4      | Killed Ijyb
  4609 | D:4      | Reached skill level 5 in Fire Magic
  4771 | D:4      | Reached skill level 1 in Translocations
  4771 | D:4      | Reached XP level 7. HP: 56/56 MP: 2/10
  4909 | D:4      | Found a sand-covered staircase.
  4914 | Ossuary  | Entered an ossuary
  5694 | D:4      | Reached skill level 4 in Conjurations
  5822 | D:4      | Learned a level 3 spell: Inner Flame
  6077 | D:5      | Entered Level 5 of the Dungeon
  6227 | D:5      | Reached skill level 1 in Hexes
  6332 | D:5      | Reached XP level 8. HP: 63/63 MP: 6/12
  6825 | D:5      | Noticed Prince Ribbit
  6871 | D:5      | Killed Prince Ribbit
  6872 | D:5      | Reached skill level 5 in Conjurations
  6933 | D:5      | Found a runed translucent door.
  6934 | D:5      | Found the +15 Maxwell's patent armour {-Cast -Tele rElec
                  | Will+ rCorr}
  6941 | D:5      | Noticed sigtrap's ghost (novice TrBe)
  7125 | D:5      | Found a bloodstained altar of Trog.
  7573 | D:5      | Learned a level 4 spell: Fulminant Prism
  7678 | D:6      | Found a radiant altar of Vehumet.
  7689 | D:6      | Became a worshipper of Vehumet
  7740 | D:6      | Found a white marble altar of Elyvilon.
  7797 | D:6      | Found a staircase to the Ecumenical Temple.
  7806 | D:6      | Reached XP level 9. HP: 71/71 MP: 5/13
  7952 | D:6      | Reached skill level 6 in Conjurations
  8424 | D:6      | Noticed Eustachio
  8718 | D:6      | Noticed Grinder
  8725 | D:6      | Killed Grinder
  8830 | D:6      | Reached skill level 5 in Hexes
  9257 | D:6      | Reached skill level 7 in Conjurations
  9404 | D:5      | Killed Eustachio
  9741 | D:7      | Reached XP level 10. HP: 75/78 MP: 7/16
  9970 | D:7      | Found a shimmering altar of Xom.
 10222 | D:7      | Reached * piety under Vehumet
 10222 | D:7      | Offered knowledge of Shock by Vehumet.
 10424 | D:7      | Found an iron altar of Okawaru.
 10427 | D:7      | Found a hide-covered altar of Uskayaw.
 10584 | D:7      | Found a burning altar of Makhleb.
 10584 | D:7      | Found a sparkling altar of Nemelex Xobeh.
 10649 | D:7      | Found a sacrificial altar of Ru.
 11115 | D:7      | Found Mitesoa's Armour Boutique.
 11503 | D:8      | Noticed a two-headed ogre
 12026 | D:8      | Killed a two-headed ogre
 12027 | D:8      | Reached skill level 8 in Conjurations
 12095 | D:8      | Noticed an ice statue
 13212 | D:8      | Found a transporter.
 13241 | D:8      | Noticed Gastronok
 13390 | D:8      | Found a snail-covered altar of Cheibriados.
 13428 | D:8      | Reached XP level 11. HP: 68/84 MP: 0/18
 13550 | D:8      | Found a stormy altar of Qazlal.
 13804 | D:8      | Reached ** piety under Vehumet
 13806 | D:8      | Offered knowledge of Static Discharge by Vehumet.
 13891 | D:8      | Found an ancient bone altar of Kikubaaqudgha.
 14421 | D:9      | Reached skill level 5 in Spellcasting
 14481 | D:9      | Found a staircase to the Lair.
 14836 | D:9      | Found a runed translucent gate.
 14836 | D:9      | Found a runed translucent gate.
 14836 | D:9      | Found a runed translucent gate.
 14837 | D:9      | Noticed DemonSlayer's ghost (novice DsEE)
 14839 | D:9      | Identified the +8 plate armour "Isuigycu" {Rampage Int+2}
 14876 | D:8      | Killed Gastronok
 14877 | D:8      | Reached skill level 9 in Conjurations
 14877 | D:8      | Reached skill level 5 in Translocations
 15483 | D:9      | Found a roughly hewn altar of Beogh.
 15508 | D:10     | Entered Level 10 of the Dungeon
 15684 | D:10     | You fall into a shaft and drop 2 floors!
 15725 | D:12     | Noticed Sonja
 15951 | D:12     | Noticed a six-headed hydra
 15964 | D:12     | Noticed a manticore
 16329 | D:10     | Found a staircase to the Orcish Mines.
 16340 | D:10     | Reached skill level 5 in Fighting
 16463 | D:10     | Offered knowledge of Ignite Poison by Vehumet.
 16478 | D:10     | Learned a level 3 spell: Ignite Poison
 16691 | D:10     | Found Xaick's General Store.
 16694 | D:10     | Bought a scroll of identify for 30 gold pieces
 16694 | D:10     | Bought a scroll of blinking for 112 gold pieces
 16694 | D:10     | Bought a potion of heal wounds for 75 gold pieces
 16973 | D:11     | Found a shimmering blue altar of Sif Muna.
 17006 | D:11     | Noticed a boulder beetle
 17014 | D:11     | Killed a boulder beetle
 17194 | D:11     | Reached *** piety under Vehumet
 17229 | D:11     | Noticed a two-headed ogre
 17386 | D:11     | Killed a two-headed ogre
 17387 | D:11     | Reached XP level 12. HP: 94/94 MP: 12/21
 17872 | Lair:1   | Entered Level 1 of the Lair of Beasts
 19060 | Lair:2   | Noticed a seven-headed hydra
 19068 | Lair:2   | Offered knowledge of Sticky Flame by Vehumet.
 19069 | Lair:2   | Reached skill level 1 in Long Blades
 19148 | Lair:2   | Found a gate leading to a gauntlet.
 19157 | Gauntlet | Entered a Gauntlet
 19157 | Gauntlet | Found a transporter.
 19157 | Gauntlet | Found a transporter.
 19157 | Gauntlet | Found a large runed translucent door.
 19157 | Gauntlet | Found a large runed translucent door.
 19157 | Gauntlet | Found a large runed translucent door.
 19157 | Gauntlet | Found a large runed translucent door.
 19157 | Gauntlet | Found a large runed translucent door.
 19157 | Gauntlet | Found a large runed translucent door.
 19157 | Gauntlet | Found a runed translucent door.
 19157 | Gauntlet | Found a runed translucent door.
 19157 | Gauntlet | Found a large runed translucent door.
 19157 | Gauntlet | Found a large runed translucent door.
 19157 | Gauntlet | Found a large runed translucent door.
 19157 | Gauntlet | Found a large runed translucent door.
 19157 | Gauntlet | Found a large runed translucent door.
 19157 | Gauntlet | Found a large runed translucent door.
 19178 | Gauntlet | Noticed a death scarab
 19217 | Gauntlet | Found a transporter.
 19217 | Gauntlet | Found a transporter.
 19233 | Gauntlet | Found a transporter.
 19244 | Gauntlet | Found a transporter.
 19260 | Gauntlet | Found a transporter.
 19273 | Gauntlet | Found a transporter.
 19276 | Gauntlet | Noticed a reaper
 19354 | Gauntlet | Found a large runed translucent door.
 19354 | Gauntlet | Found a large runed translucent door.
 19356 | Gauntlet | Found a large runed translucent door.
 19357 | Gauntlet | Found a large runed translucent door.
 19373 | Gauntlet | Found a transporter.
 19383 | Gauntlet | Found a transporter.
 19383 | Gauntlet | Found a transporter.
 19384 | Gauntlet | Found the +3 crown of Dyrovepreva {rElec Int+2 SInv}
 19401 | Gauntlet | Found a transporter.
 19408 | Gauntlet | Found a transporter.
 19449 | Gauntlet | Found a runed translucent gate.
 19449 | Gauntlet | Found a runed translucent gate.
 19449 | Gauntlet | Noticed a soul eater
 19450 | Gauntlet | Found a runed translucent gate.
 19451 | Gauntlet | Found a transporter.
 19459 | Gauntlet | Noticed a soul eater
 19498 | Gauntlet | Found a transporter.
 19514 | Gauntlet | Found a transporter.
 19664 | Gauntlet | HP: 2/84 [soul eater (13)]
 19684 | Gauntlet | Killed a soul eater
 19919 | Gauntlet | Identified the ring "Luta" {+Blink rC++ rN+ Will+ Str-5}
 20148 | Gauntlet | Killed a soul eater
 20309 | Gauntlet | Learned a level 4 spell: Flame Wave
 20351 | Gauntlet | Noticed a minotaur
 20386 | Gauntlet | HP: 4/130 [minotaur/+0 rapier of electrocution (10)]
 20390 | Gauntlet | Slain by a minotaur

Illustrated notes

Levels and vault maps discovered:
D:1:      dpeg_arrival_round_a, layout_basic
D:2:      minmay_alternating_diamond, layout_basic,
          hellmonk_ecumenical_altar_crossroads, minmay_domino_4, uniq_jessica
D:3:      layout_basic, zin_academy, nicolae_wu_jian_wuxing_cycle,
          serial_undead, serial_undead_d, serial_undead_b, serial_undead_d,
          serial_undead_e
D:4:      kennysheep_the_goblin_king, layout_basic, enter_ossuary_2,
          minivault_24, minmay_surrounded
D:5:      layout_cave_pods, trog_three_pillars_becter, ebering_ghost_sewer_d,
          uniq_prince_ribbit1
D:6:      nicolae_BIG_FREAKIN_CUBE, layout_cave_pools, elyvilon_altar_1,
          kennysheep_little_box, corexii_item_surrounded_by_moat,
          uniq_eustachio, uniq_grinder
D:7:      layout_layer_cave, mainiacjoe_overflow_alcove_1, hangedman_ru_absence,
          grunt_temple_overflow_open, serial_shops, shop_statue,
          serial_bayou_pond_b
D:8:      cheibrodos_frozen_isle, layout_basic,
          nicolae_kikubaaqudgha_miasma_corner, nicolae_qazlal_scattered_showers,
          mainiacjoe_overflow_cross_hatched, nicolae_diode_basic, uniq_gastronok
D:9:      layout_roguey, lair_entry_dummy, biasface_ghost_orc_armoury
D:10:     layout_rooms, orc_0_dummy, serial_shops, kennysheep_mini,
          library_closet, minmay_nine_imps
D:11:     layout_basic, minmay_misc_feat_ornament, nicolae_sif_muna_condensation
D:12:     layout_rooms, uniq_sonja
Lair:1:   layout_loops_ring, st_stairs_3
Lair:2:   layout_regular_city, gauntlet_entry_generic, beast_lair_carwin_9
Gauntlet: gammafunk_gauntlet_branching
          [minmay_gauntlet_arena_make_your_own_arena,
          nicolae_gauntlet_arena_grate_2, gammafunk_gauntlet_arena_grid,
          nicolae_gauntlet_arena_quarters, nicolae_gauntlet_arena_x,
          gammafunk_gauntlet_arena_corners, gammafunk_gauntlet_arena_teeth,
          nicolae_gauntlet_arena_flowing_pool, gauntlet_exit_watery]

Skill      XL: |  1  2  3  4  5  6  7  8  9 10 11 12 |
---------------+-------------------------------------+-----
Fighting       | 1 2 3 4 5 6 |  6.3
Stealth        | 2 3 4 |  4.8
Conjurations   | 2 3 4 5 7 8 9 |  9.8
Fire Magic     | 4 5 6 7 8 |  8.2
Spellcasting   | 2 3 4 6 |  6.6
Translocations | 1 2 3 4 6 |  6.9
Hexes          | 1 3 5 7 |  7.5
Dodging        | 3 |  3.8
Long Blades    | 2 |  2.2

Action                   |  1- 3 |  4- 6 |  7- 9 | 10-12 || total
-------------------------+-------+-------+-------+-------++-------
Melee: Unarmed           |    13 |       |       |       ||    13
       Club              |     4 |       |       |       ||     4
       Punch             |     1 |       |       |       ||     1
       Staff             |    15 |    40 |    51 |    27 ||   133
       Falchion          |       |       |       |    75 ||    75
Throw: Throwing net      |       |       |       |     2 ||     2
 Cast: Foxfire           |    51 |   132 |   214 |   360 ||   757
       Scorch            |     1 |    14 |    39 |   128 ||   182
       Fulminant Prism   |       |       |     6 |    38 ||    44
       Blink             |       |       |     1 |     2 ||     3
       Magic Dart        |       |       |     1 |     5 ||     6
       Inner Flame       |       |       |       |     1 ||     1
       Flame Wave        |       |       |       |     1 ||     1
Evoke: Wand              |       |       |       |    13 ||    13
  Use: Scroll            |       |     6 |     4 |    20 ||    30
       Potion            |       |     1 |       |     9 ||    10
 Stab: Held in net/web   |       |       |       |     2 ||     2
Armor: Robe              |    10 |    14 |    39 |       ||    63
       Leather armour    |       |       |       |   133 ||   133
Dodge: Dodged            |    37 |    25 |   116 |   196 ||   374
